Map: Acid Plant LE

Players

Iceman

  • Race: Zerg Zerg
  • League: Diamond
  • Spawn Location: 5:00

Emin - Winner!

  • Race: Terran Terran
  • League: Master
  • Spawn Location: 11:00

VOD

Have the link to the VOD?

Description

Time

  • Played on: Aug. 2, 2018, 1:28 p.m.
  • Length: 10:57
Show
View Real Time Build Order
Export as new Build Order

Iceman Zerg 

Build Orders: Hatch First 

Get SALT Encoding   

  12  0:01  Drone  
  13  0:12  Overlord  
  13  0:17  Drone  
  14  0:30  Drone x2  
  16  0:37  Drone  
  17  0:53  Hatchery  
  17  0:55  Drone  
  17  0:59  Drone  
  18  1:09  Extractor  
  17  1:15  Spawning Pool  
  17  1:17  Drone  
  17  1:21  Drone  
  18  1:28  Drone  
  19  1:38  Overlord  
  19  1:49  Drone  
  20  2:06  Zergling x4, Queen x2  
  26  2:11  Drone  
  26  2:15  Drone  
  28  2:28  Hatchery  
  27  2:34  Drone  
  27  2:45  Drone x4  
  27  2:49  Overlord  
  31  2:54  Metabolic Boost  
  31  3:00  Pneumatized Carapace  
  31  3:06  Drone x2  
  31  3:09  Drone  
  31  3:10  Drone  
  35  3:18  Drone x4  
  39  3:21  Drone  
  39  3:24  Overlord  
  40  3:36  Queen  
  40  3:41  Queen  
  42  3:42  Queen  
  42  3:43  Drone  
  42  3:47  Overlord  
  47  3:51  Zergling x6  
  47  3:53  Zergling x2  
  51  4:00  Drone x4  
  55  4:05  Extractor  
  48  4:23  Drone x7  
  52  4:28  Drone x2  
  54  4:35  Drone x2  
  54  4:36  Drone  
  57  4:39  Spore Crawler  
  57  4:40  Spore Crawler  
  57  4:42  Spore Crawler  
  54  4:49  Lair  
  54  4:53  Evolution Chamber  
  54  4:56  Drone x3  
  54  4:57  Drone x2  
  54  4:58  Drone  
  59  5:01  Drone x2  
  59  5:02  Drone  
  62  5:08  Zergling x2  
  62  5:11  Zergling x4  
  65  5:15  Extractor  
  65  5:17  Drone, Extractor  
  65  5:18  Drone x2  
  66  5:24  Overlord x2  
  66  5:30  Overlord x2  
  66  5:34  Overlord x2  
  66  5:42  Overlord x2  
  66  5:45  Extractor  
  65  5:53  Hydralisk Den  
  55  6:15  Spore Crawler  
  52  6:29  Spore Crawler  
  48  6:35  Hydralisk x8  
  48  6:36  Hydralisk x6  
  48  6:37  Overlord  
  76  6:44  Drone x3  
  79  6:48  Drone  
  79  6:49  Drone  
  81  6:54  Muscular Augments  
  81  7:05  Drone x4  
  85  7:12  Drone x3  
  88  7:21  Overseer  
  88  7:23  Overlord  
  88  7:24  Overlord  
  88  7:26  Drone x3  
  91  7:30  Drone x2  
  91  7:32  Drone  
  94  7:38  Evolution Chamber, Zerg Missile Weapons Level 1  
  94  7:40  Drone  
  94  7:51  Overlord  
  90  8:10  Drone x13  
  102  8:24  Overseer  
  102  8:26  Hatchery  
  95  8:29  Drone x7  
  95  8:33  Hydralisk  
  104  8:34  Extractor  
  104  8:35  Hydralisk  
  104  8:38  Hydralisk  
  107  8:44  Overlord  
  107  8:47  Overlord  
  107  8:50  Overlord x2  
  107  8:51  Queen x2  
  107  8:52  Queen  
  113  9:01  Baneling Nest, Grooved Spines  
  112  9:04  Zergling x4  
  112  9:05  Zergling x2  
  112  9:06  Zergling x2  
  112  9:08  Zergling x2  
  117  9:12  Zergling x4  
  119  9:23  Drone x5  
  124  9:36  Zergling x6  
  127  9:40  Zergling x6  
  130  9:46  Baneling  
  130  9:47  Baneling x11  
  128  9:56  Zergling x12  
  120  10:12  Extractor, Hatchery  
  120  10:13  Zergling x12  
  107  10:14  Zergling x6  
  107  10:15  Extractor  
  107  10:20  Zergling x6  
  109  10:26  Baneling x11  
  109  10:28  Zergling x4  
  111  10:30  Zergling x2  
  111  10:31  Baneling  
  111  10:33  Baneling x7  
  111  10:35  Baneling x6  
Show
View Real Time Build Order
Export as new Build Order

Emin Terran - Winner!

Build Orders: Reaper Expand, Bio Tank, Hellion Banshee 

Get SALT Encoding   

  12  0:01  SCV  
  13  0:13  SCV  
  14  0:18  Supply Depot  
  14  0:25  SCV  
  15  0:30  Refinery  
  15  0:39  SCV  
  16  0:46  Barracks  
  16  0:52  SCV  
  17  1:04  SCV  
  18  1:16  SCV  
  19  1:33  Reaper, Orbital Command  
  20  1:46  Command Center  
  20  1:59  SCV  
  21  2:06  Factory  
  21  2:09  Barracks Reactor  
  21  2:14  SCV, Refinery  
  22  2:18  Supply Depot  
  22  2:26  SCV  
  23  2:46  SCV  
  24  2:54  Starport  
  24  2:56  Marine  
  25  2:59  Hellion x2, Orbital Command  
  25  3:00  SCV  
  30  3:13  SCV  
  30  3:16  Barracks Tech Lab  
  31  3:20  Hellion x2  
  31  3:26  SCV x2  
  37  3:38  SCV x2  
  39  3:44  Banshee, Supply Depot  
  39  3:48  Hellion  
  44  3:49  Hellion  
  44  3:52  Cloaking Field  
  44  3:53  Barracks Reactor  
  46  4:10  Command Center  
  42  4:24  Hellion x2, SCV x2  
  41  4:28  Supply Depot  
  41  4:30  Banshee  
  46  4:37  Barracks Tech Lab  
  46  4:39  SCV x2  
  48  4:53  SCV x2, Barracks  
  48  4:54  Factory Reactor  
  48  4:55  Barracks  
  48  4:56  Supply Depot  
  49  5:00  Marine  
  49  5:01  Stimpack  
  49  5:05  SCV x2  
  52  5:13  Engineering Bay  
  52  5:14  Engineering Bay  
  52  5:18  SCV x2  
  54  5:23  Orbital Command  
  54  5:28  Refinery  
  54  5:29  Refinery  
  54  5:30  SCV x2  
  56  5:38  Siege Tank  
  56  5:42  SCV x2  
  61  5:44  Terran Infantry Armor Level 1, Terran Infantry Weapons Level 1  
  61  5:54  SCV x2  
  63  6:07  Marine  
  63  6:08  Marine x4  
  63  6:10  SCV x2  
  70  6:13  Siege Tank, Medivac x2  
  77  6:32  Marine x5  
  80  6:33  SCV  
  80  6:34  SCV x2  
  80  6:38  Barracks  
  80  6:39  Barracks, Factory  
  85  6:43  Armory  
  85  6:51  Orbital Command  
  85  7:02  Supply Depot  
  85  7:04  Supply Depot  
  85  7:05  Supply Depot  
  85  7:23  Marine x2  
  85  7:24  SCV x3, Siege Tank  
  85  7:25  Marine  
  85  7:27  Barracks Reactor  
  85  7:28  Barracks Reactor  
  94  7:35  Supply Depot  
  94  7:36  Supply Depot, SCV x3  
  97  7:39  Supply Depot  
  97  7:40  Factory Tech Lab  
  97  7:41  Terran Infantry Armor Level 2, Terran Vehicle Weapons Level 1, Terran Infantry Weapons Level 2  
  97  7:43  Marine x3  
  100  7:44  Marine x2  
  100  7:48  SCV  
  103  7:52  SCV  
  103  7:53  SCV  
  105  8:00  SCV  
  105  8:01  Marine x2  
  104  8:06  Marine  
  104  8:07  Marine x6  
  104  8:08  Siege Tank x2  
  104  8:09  SCV x2  
  104  8:11  Refinery  
  104  8:12  SCV  
  120  8:13  Refinery  
  108  8:27  Marine x4  
  108  8:28  Marine x5  
  108  8:29  SCV x2  
  108  8:31  Missile Turret  
  119  8:35  Command Center  
  119  8:36  Supply Depot x2  
  119  8:38  SCV  
  120  8:41  SCV  
  120  8:42  SCV  
  120  8:44  Combat Shields  
  120  8:45  Marine x2  
  124  8:49  Supply Depot x2  
  124  8:50  Supply Depot  
  124  8:52  SCV  
  124  8:53  Supply Depot x2, SCV  
  126  9:02  Marine x6  
  129  9:03  Marine x2  
  129  9:04  Marine  
  129  9:05  SCV  
  136  9:12  Medivac  
  136  9:13  Supply Depot  
  136  9:14  Supply Depot  
  136  9:15  Medivac  
  140  9:18  SCV x3  
  140  9:20  Marine  
  144  9:25  Marine x6  
  144  9:26  Marine x2  
  144  9:31  Siege Tank  
  155  9:32  Siege Tank  
  156  10:12  Marine x3  
  156  10:13  Marine x6  
  159  10:14  Siege Tank x2, Medivac x2  
  166  10:26  Barracks  
  166  10:27  Barracks  
  166  10:35  Marine x4  
  167  10:36  Marine x3  
  177  10:53  Refinery  
  177  10:57  Refinery  
Tags
 
Add a new tag
Caveats
  • Supply blocks, unpowered buildings, or Contaminate may cause inaccurate times.
  • Supply counts are checked every 10 seconds.